Match 46455045
Unlisted

Match 46455045
End
Construct Infanterie Kompanie
Pioneer Squad
Selects Breakthrough Battlegroup
Grenadier Squad
MG 42 Machine Gun Team
Grenadier Squad
Construct Luftwaffe Kompanie
Selects Assault Grenadiers
Flak 30 Anti-aircraft Gun Team
Selects Rapid Production
Jäger Squad
Luftwaffe Officer Quarters
221 Scout Car
Jäger Squad
Selects Blitzkrieg
Medical Bunker
Selects Smoke Bombing Run
Construct Panzer Kompanie
Smoke Bombing Run
Stoßtruppen Squad
Smoke Bombing Run
Smoke Bombing Run
Selects Panzer IV Command Tank Sd.Kfz. 161/1
Selects Incendiary Bombing Run
Panzer IV Medium Tank
Incendiary Bombing Run
Panzer IV Medium Tank
Smoke Bombing Run
Side Skirts
Jäger Squad
Smoke Bombing Run
Angrybirds
ProxyFox
帝国大机霸贝克尔少校
aSIIDemolitionHammer
0
0

Comments sign in to comment!

No comments posted yet!